 Dungeon Crawl Stone Soup version 0.30-a0-1035-g38d5fb2972 (webtiles) character file.

Game seed: 6543314082045864087

662 Ic0nGaming the Slicer (level 7, -3/41 HPs)
             Began as a Kobold Fighter on Apr 8, 2023.
             Was an Initiate of Makhleb.
             Slain by a gnoll
             ... wielding a +0 whip
             ... led by a gnoll sergeant
              (8 damage)
             ... on level 5 of the Dungeon.
             The game lasted 00:10:27 (5009 turns).

Ic0nGaming the Slicer (Kobold Fighter)              Turns: 5009, Time: 00:10:28

Health: -3/41      AC:  6    Str: 13    XL:     7   Next: 87%
Magic:  7/7        EV: 10    Int: 10    God:    Makhleb [......]
Gold:   270        SH:  6    Dex: 16    Spells: 6/6 levels left

rFire   . . .      SeeInvis .    m - +1 short sword (venom)
rCold   . . .      Faith    .    c - +1 buckler
rNeg    . . .      Spirit   .    b - +0 scale mail
rPois   .          Reflect  .    (no helmet)
rElec   .          Rampage  .    (no cloak)
rCorr   .          Clarity  +    (no gloves)
Will    .....                    (no boots)
Stlth   ++                       (no amulet)
HPRegen 0.26/turn                (no ring)
MPRegen 0.10/turn                (no ring)

@: no status effects
A: small, no large weapons, nightstalker 3, clarity, MP-powered wands,
devolution 1
a: Renounce Religion


You were on level 5 of the Dungeon.
You worshipped Makhleb.
Makhleb was noncommittal.
You visited 2 branches of the dungeon, and saw 6 of its levels.
You also visited: Sewer.

You collected 270 gold pieces.

Inventory:

Hand Weapons
 a - a +0 rapier
 m - a +1 short sword of venom (weapon)
Missiles
 l - 15 poisoned darts (quivered)
Armour
 b - a +0 scale mail (worn)
 c - a +1 buckler (worn)
Jewellery
 n - a ring of fire
Wands
 p - a wand of charming (5)
Scrolls
 j - a scroll of magic mapping
 k - 5 scrolls of poison
 r - a scroll of teleportation
Potions
 d - a potion of might
 f - 2 potions of flight
 h - 2 potions of resistance {unknown}
 i - a potion of brilliance
 o - 2 potions of invisibility {unknown}
 q - a potion of magic {unknown}


   Skills:
 - Level 3.2 Fighting
 * Level 8.4 Short Blades
 + Level 4.8 Throwing
 - Level 2.4 Armour
 - Level 3.1 Stealth
 - Level 2.4 Shields


You had 6 spell levels left.
You didn't know any spells.
Your spell library contained the following spells:

 Spells                   Type           Power      Damage    Failure   Level
 Summon Small Mammal      Summ           0%         N/A       95%         1
 Cigotuvi's Dreadful Rot  Necr/Pois/Air  0%         N/A       99%         2
 Call Canine Familiar     Summ           0%         N/A       100%        3
 Gell's Gravitas          Tloc           0%         N/A       100%        3
 Summon Guardian Golem    Hex/Summ       0%         N/A       100%        3
 Teleport Other           Tloc           0%         N/A       100%        3
 Volatile Blastmotes      Fire/Tloc      0%         2d10      100%        3
 Dispel Undead            Necr           0%         3d6       100%        4
 Fulminant Prism          Conj/Hex       0%         3d5       100%        4
 Iskenderun's Mystic Bla  Conj/Tloc      0%         2d3       100%        4
 Lee's Rapid Deconstruct  Erth           0%         3d4*      100%        5
 Death Channel            Necr           0%         N/A       100%        6
 Dispersal                Tloc           0%         N/A       100%        6


Dungeon Overview and Level Annotations

Branches:
Dungeon (5/15)             Temple (1/1) D:4           Sewer (visited)

Altars:
Ashenzari
Cheibriados
Dithmenos
Elyvilon
Fedhas
Gozag
Kikubaaqudgha
Makhleb
Nemelex Xobeh
Ru
Sif Muna
Vehumet
Xom
Yredelemnul
Zin
The Shining One


Innate Abilities, Weirdness & Mutations

You are small and have problems with some larger weapons.
You are completely attuned to the shadows.
You possess an exceptional clarity of mind.
You expend magic power (3 MP) to strengthen your wands.
You have hidden genetic defects.


Message History

The phantom blinks!
You blink.
A sleepcap comes into view.
Okay, then.
It was a potion of mutation.
You feel extremely strange.
You feel a little pissed off.
You feel less in control of your magic. The phantom barely misses you.
You feel better. The phantom closely misses you.
Really quaff the potion of mutation?
You feel extremely strange.
You feel a little more calm.
You regain control of your magic.
You occasionally lose the ability to read scrolls when taking damage.
You feel resistant to heat.
You feel less in control of your magic. The sleepcap barely misses you.
The phantom barely misses you.
Really quaff the potion of mutation?
You feel extremely strange.
You regain control of your magic.
You no longer feel heat resistant.
You no longer become unable to read scrolls after taking damage.
You feel a hidden malignance growing inside you.
You feel your magical essence link to the dungeon's wands.
Your thoughts seem clearer.
The sleepcap closely misses you. The phantom hits you.
* * * LOW HITPOINT WARNING * * *
The sleepcap attacks as you move away!
The sleepcap releases spores at you but does no damage.
You block the phantom's attack. The sleepcap releases spores at you.
* * * LOW HITPOINT WARNING * * *
You are engulfed in a cloud of soporific spores!
You are unaffected.
The sleepcap attacks as you move away! The sleepcap barely misses you.
The sleepcap attacks as you move away! The sleepcap closely misses you.
The gnoll hits you with a +0 whip.
* * * LOW HITPOINT WARNING * * *
The sleepcap attacks as you move away! The sleepcap releases spores at you.
* * * LOW HITPOINT WARNING * * *
The gnoll attacks as you move away! The gnoll hits you but does no damage.
You hit the gnoll.
The gnoll is poisoned.
The gnoll is lightly wounded.
The gnoll hits you with a +0 whip!
You die...

...### #...#
#...#.####
#......g.#
#..##.##)#
####..##.##.#
.......Wfl..#
####..##g#..#
#..##@#..#####
#..#..#......#
##
........>..#.#
.##
.......#.#g#.#
..#
.##.#.#.#...#
#..# #.#.#.#
#..# #.)##
...# #g.# #..#
#. .# #..#


You could see a phantom, a sleepcap, an iguana and a gnoll (very poisoned).

Vanquished Creatures
  2 kobold brigands (Sewer)
  2 gnoll sergeants (D:5)
  2 orc priests (D:4)
  2 sleepcaps
  5 gnolls
  11 adders
  A shadow imp (D:5)
  2 worms
  2 dart slugs (D:1)
  9 orcs
  6 bats
  9 endoplasms
  7 giant cockroaches
  8 goblins
  11 hobgoblins
  9 jackals
  13 kobolds
  3 quokkas
  11 ball pythons
  5 frilled lizards
  8 rats
128 creatures vanquished.

Vanquished Creatures (others)
  A gnoll (D:5)
  4 withered plants (D:5)
5 creatures vanquished.

Grand Total: 133 creatures vanquished

Notes
Turn   | Place    | Note
-------+----------+-------------------------------------------
     0 | D:1      | Ic0nGaming the Kobold Fighter began the quest for the Orb.
     0 | D:1      | Reached XP level 1. HP: 14/14 MP: 1/1
   115 | D:1      | Reached skill level 3 in Short Blades
   123 | D:1      | Reached skill level 1 in Stealth
   153 | D:1      | Reached XP level 2. HP: 18/19 MP: 2/2
   314 | D:1      | Reached XP level 3. HP: 20/23 MP: 3/3
   565 | D:1      | Reached skill level 4 in Short Blades
   934 | D:2      | Reached XP level 4. HP: 28/28 MP: 4/4
  1198 | D:2      | Reached skill level 1 in Throwing
  1723 | D:3      | Found a glowing drain.
  1733 | Sewer    | Entered a sewer
  1820 | Sewer    | Reached XP level 5. HP: 31/32 MP: 5/5
  1903 | Sewer    | Noticed a kobold brigand
  1903 | Sewer    | Noticed a kobold brigand
  1918 | Sewer    | Killed a kobold brigand
  1919 | Sewer    | Reached skill level 5 in Short Blades
  1926 | Sewer    | Killed a kobold brigand
  1927 | Sewer    | Reached skill level 6 in Short Blades
  1927 | Sewer    | Reached XP level 6. HP: 23/37 MP: 6/6
  2089 | D:3      | Found an opulent altar of Gozag.
  2573 | D:3      | Identified the +5 hand axe of Glory {elec, Str-3 Int+3
                  | Dex+2}
  2773 | D:3      | Found a glowing golden altar of the Shining One.
  3546 | D:4      | Reached XP level 7. HP: 41/41 MP: 7/7
  3867 | D:4      | Reached skill level 7 in Short Blades
  3918 | D:4      | Found a staircase to the Ecumenical Temple.
  3932 | Temple   | Entered the Ecumenical Temple
  4104 | Temple   | Became a worshipper of Makhleb the Destroyer
  4527 | D:5      | Entered Level 5 of the Dungeon
  4876 | D:5      | Found a glowing silver altar of Zin.
  4889 | D:5      | Reached skill level 8 in Short Blades
  4933 | D:5      | Found a basalt altar of Yredelemnul.
  5000 | D:5      | Gained mutation: You sometimes lose your temper in combat.
                  | [potion of mutation]
  5000 | D:5      | Gained mutation: Your spells are a little harder to cast,
                  | but a little more powerful. [potion of mutation]
  5002 | D:5      | Lost mutation: You sometimes lose your temper in combat.
                  | [potion of mutation]
  5002 | D:5      | Lost mutation: Your spells are a little harder to cast, but
                  | a little more powerful. [potion of mutation]
  5002 | D:5      | Gained mutation: You occasionally lose the ability to read
                  | scrolls when taking damage. [potion of mutation]
  5002 | D:5      | Gained mutation: Your flesh is heat resistant. (rF+)
                  | [potion of mutation]
  5002 | D:5      | Gained mutation: Your spells are a little harder to cast,
                  | but a little more powerful. [potion of mutation]
  5003 | D:5      | Lost mutation: Your spells are a little harder to cast, but
                  | a little more powerful. [potion of mutation]
  5003 | D:5      | Lost mutation: Your flesh is heat resistant. (rF+) [potion
                  | of mutation]
  5003 | D:5      | Lost mutation: You occasionally lose the ability to read
                  | scrolls when taking damage. [potion of mutation]
  5003 | D:5      | Gained mutation: You have hidden genetic defects. [potion
                  | of mutation]
  5003 | D:5      | Gained mutation: You expend magic power (3 MP) to
                  | strengthen your wands. [potion of mutation]
  5003 | D:5      | Gained mutation: You possess an exceptional clarity of
                  | mind. [potion of mutation]
  5009 | D:5      | Slain by a gnoll

Illustrated notes

Levels and vault maps discovered:
D:1:      dpeg_arrival_rhombi, layout_basic
D:2:      minmay_alternating_diamond, layout_basic
D:3:      layout_basic, nicolae_tso_swordbearing_angel,
          nicolae_gozag_seed_capital, serial_glass, glass_columns_b,
          glass_columns_c, glass_columns_a, glass_columns_b, glass_columns_c,
          cheibrodos_sewer_entry_drain, grunt_ministairs_3,
          chequers_serial_rivers_small_3, chequers_jeans,
          nicolae_concentric_dashed_squares_mild
D:4:      layout_basic, minmay_temple_entry_mist
D:5:      layout_loops_ring, mainiacjoe_overflow_small_starburst, bloody_trog,
          yredelemnul_altar_generic
Temple:   nicolae_temple_x_marks_the_god

Skill      XL: |  1  2  3  4  5  6  7 |
---------------+----------------------+-----
Short Blades   | 3 4 6 8 |  8.4
Stealth        | 1 2 3 |  3.1
Throwing       | 1 3 4 |  4.8
Fighting       | |  3.2
Armour         | |  2.4
Shields        | |  2.4

Action                     |  1- 3 |  4- 6 |  7- 9 || total
---------------------------+-------+-------+-------++-------
  Melee: Rapier            |    87 |   126 |       ||   213
         Short sword       |       |   106 |   122 ||   228
  Throw: Dart              |       |     3 |    12 ||    15
  Evoke: Wand              |       |       |     2 ||     2
    Use: Scroll            |       |    11 |     1 ||    12
         Potion            |       |     4 |     4 ||     8
   Stab: Sleeping          |     1 |    12 |     2 ||    15
 Armour: Scale mail        |    30 |    64 |    21 ||   115
  Dodge: Dodged            |    47 |   124 |    37 ||   208
  Block: Buckler           |    18 |    63 |    25 ||   106

Table legend: (Time is in decaauts)
 A = Elapsed time spent in this place.
 B = Non-inter-level travel time spent in this place.
 C = Inter-level travel time spent in this place.
 D = Time resting spent in this place.
 E = Time spent auto-exploring this place.
 F = Levels seen in this place.
 G = Mean time per level.
                   A        B        C        D        E       F      G
               +--------+--------+--------+--------+--------+-----+--------+
         Total |   5001 |   4849 |    152 |   1092 |   2517 |   7 |  714.4 |
       Dungeon |   4469 |   4317 |    152 |   1050 |   2187 |   5 |  893.8 |
        Temple |    179 |    179 |      0 |      0 |    146 |   1 |  179.0 |
         Sewer |    352 |    352 |      0 |     42 |    184 |   1 |  352.0 |
               +--------+--------+--------+--------+--------+-----+--------+

Top non-repeatable levels by time:
     D:4: 1458 daAuts
     D:3: 961 daAuts
     D:1: 912 daAuts
     D:2: 790 daAuts
   Sewer: 352 daAuts
     D:5: 346 daAuts
  Temple: 179 daAuts
